 Dungeon Crawl Stone Soup version 0.22-a0-558-gc224181 (webtiles) character file.

877 inc the Charmwright (level 8, -2/55 (56) HPs)
             Began as a Gnoll Skald on June 27, 2018.
             Was an Initiate of Vehumet.
             Slain by an ice beast (6 damage)
             ... on level 6 of the Dungeon.
             The game lasted 00:07:34 (5217 turns).

inc the Charmwright (Gnoll Skald)                   Turns: 5217, Time: 00:07:34

HP:   -2/55 (56)    AC:  3    Str: 14    XL:     8   Next: 4%
MP:   8/16          EV: 15    Int: 17    God:    Vehumet [......]
Gold: 373           SH:  0    Dex: 15    Spells: 7/18 levels left

rFire    + . .     SeeInvis .   a - +0 mace
rCold    . . .     Gourm    .   (no shield)
rNeg     . . .     Faith    .   p - +1 robe
rPois    .         Spirit   .   (helmet restricted)
rElec    .         Reflect  .   (no cloak)
rCorr    .         Harm     .   (no gloves)
MR       .....                  (no boots)
Stlth    ++........             (no amulet)
HPRegen  0.18/turn              (no ring)
MPRegen  0.15/turn              n - ring of protection from fire

@: infused
A: distributed training, fangs 1, horns 1, frail 1, evolution 1, MP-powered
wands, strong nose
a: Renounce Religion


You were on level 6 of the Dungeon.
You worshipped Vehumet.
Vehumet was noncommittal.
You were hungry.

You visited 2 branches of the dungeon, and saw 7 of its levels.

You collected 373 gold pieces.

Inventory:

Hand Weapons
 a - a +0 mace (weapon)
Armour
 b - a +0 leather armour
 g - a +0 shield
 p - a +1 robe (worn)
Magical Staves
 u - an uncursed staff of summoning
Jewellery
 h - a -3 ring of dexterity
 n - a ring of protection from fire (right hand)
Wands
 t - a wand of acid (8)
Scrolls
 j - a scroll of teleportation
 m - 5 scrolls of identify
 s - a scroll of immolation
 v - a scroll of remove curse
Potions
 c - 2 potions of curing {unknown}
 e - a potion of haste {unknown}
 f - a potion of mutation
 i - a potion of lignification
 k - 2 potions of resistance
 l - 2 potions of brilliance {unknown}
 o - a potion of berserk rage
 q - a potion of magic {unknown}
 r - a potion of flight {unknown}
Comestibles
 d - 7 rations


   Skills:
 + Level 5.4 Fighting
 + Level 2.8 Short Blades
 + Level 2.8 Long Blades
 + Level 2.8 Axes
 + Level 5.4 Maces & Flails
 + Level 2.8 Polearms
 + Level 2.8 Staves
 + Level 2.8 Slings
 + Level 2.8 Bows
 + Level 2.8 Crossbows
 + Level 2.8 Throwing
 + Level 3.9 Armour
 + Level 5.4 Dodging
 + Level 2.8 Stealth
 + Level 2.8 Shields
 + Level 2.8 Unarmed Combat
 + Level 5.8 Spellcasting
 + Level 2.3 Conjurations
 + Level 2.3 Hexes
 + Level 6.0 Charms
 + Level 2.3 Summonings
 + Level 2.3 Necromancy
 + Level 2.3 Translocations
 + Level 2.3 Transmutations
 + Level 2.3 Fire Magic
 + Level 2.3 Ice Magic
 + Level 2.3 Air Magic
 + Level 2.3 Earth Magic
 + Level 2.3 Poison Magic
 + Level 3.1 Invocations
 + Level 2.8 Evocations


You had 7 spell levels left.
You knew the following spells:

 Your Spells              Type           Power        Failure   Level  Hunger
a - Infusion              Chrm           ####         1%          1    None
b - Shroud of Golubria    Chrm/Tloc      ###.......   3%          2    #......
c - Song of Slaying       Chrm           ####....     1%          2    #......
d - Regeneration          Chrm/Necr      ###.......   7%          3    ##.....
e - Spectral Weapon       Hex/Chrm       ###.....     7%          3    ##.....

Your spell library contained the following spells:

 Spells                   Type           Power        Failure   Level  Hunger
 Stone Arrow              Conj/Erth      ##....       16%         3    ##.....
 Spider Form              Tmut/Pois      ##........   16%         3    ##.....
 Blade Hands              Tmut           ##........   80%         5    ######.
 Ice Form                 Ice/Tmut       ##......     45%         4    ####...
 Passwall                 Tmut/Erth      ##......     8%          2    #......
 Sticks to Snakes         Tmut           ##......     8%          2    #......
 Lee's Rapid Deconstruct  Erth           ##........   80%         5    ######.
 Sandblast                Erth           ##....       4%          1    None
 Petrify                  Tmut/Erth      ##......     45%         4    ####...
 Beastly Appendage        Tmut           ##....       4%          1    None


Dungeon Overview and Level Annotations

Branches:
Dungeon (6/15)             Temple (1/1) D:5

Altars:
Ashenzari
Cheibriados
Dithmenos
Elyvilon
Fedhas
Hepliaklqana
Kikubaaqudgha
Makhleb
Nemelex Xobeh
Okawaru
Qazlal
Ru
Sif Muna
Trog
Uskayaw
Vehumet
Wu Jian
Xom
Yredelemnul
Zin
The Shining One

Shops:
D:4 ?   D:5 [


Innate Abilities, Weirdness & Mutations

Your experience applies equally to all skills.
You have very sharp teeth.
Your uncanny sense of smell can sniff out nearby items.
You have a pair of small horns on your head.
You are frail. (-10% HP)
You evolve.
You expend magic power (3 MP) to strengthen your wands.


Message History

The ice beast hits you. The ice beast freezes you!
* * * LOW HITPOINT WARNING * * *
Your shroud falls apart!
You hit the ice beast.
The ice beast is severely wounded.
The ice beast completely misses you.
You hit the ice beast! Your headbutt misses the ice beast.
The ice beast is almost dead.
The ice beast hits you.
* * * LOW HITPOINT WARNING * * *
The ice beast freezes you.
* * * LOW HITPOINT WARNING * * *
Unknown command.
Casting: Infusion (safe; 1% risk of failure)
Confirm with . or Enter, or press ? or * to list all spells.
Space distorts slightly along a thin shroud covering your body.
The ice beast hits you.
* * * LOW HITPOINT WARNING * * *
The ice beast freezes you.
You die...

##.##.####'###......
#......#.....#......
+......+.....#......
#......#.....#......
###..###.###'#......
##..###.##..#####..
#...............#..
#...............#..
##@###.###..##..#.. #Y#
#.###..##..#..
#....O.....#.......#..
∆#..........#.......#..
#
#..........#.......#..
.#
#..##.###.##...#####..
###.## ### #.#
#.##...#######
.....#....# ...
#<...........#
.....#....# ...
#............#


You could see an ice beast and an ogre.

Vanquished Creatures
  A sky beast (D:5)
  A necrophage (D:6)
  2 ogres (D:6)
  2 bullfrogs (D:6)
  A howler monkey (D:6)
  2 orc priests (D:4)
  An orc wizard (D:4)
  A worker ant (D:4)
  3 iguanas
  A howler monkey skeleton (D:4)
  6 adders
  2 oozes
  4 worms
  5 dart slugs
  3 leopard geckos
  11 orcs
  2 giant cockroaches
  4 hobgoblins
  3 jackals (D:3)
  8 kobolds
  A quokka (D:4)
  9 bats
  4 frilled lizards
  11 goblins
  A leopard gecko skeleton (D:4)
  6 rats
95 creatures vanquished.

Notes
Turn   | Place    | Note
-------+----------+-------------------------------------------
     0 | D:1      | inc the Gnoll Skald began the quest for the Orb.
     0 | D:1      | Reached XP level 1. HP: 20/20 MP: 6/6
   258 | D:1      | Reached XP level 2. HP: 20/26 MP: 3/7
   717 | D:1      | Reached skill level 5 in Spellcasting
   717 | D:1      | Reached XP level 3. HP: 31/31 MP: 4/9
   962 | D:2      | Reached skill level 1 in Invocations
  1096 | D:2      | Reached skill level 1 in Short Blades
  1096 | D:2      | Reached skill level 1 in Long Blades
  1096 | D:2      | Reached skill level 1 in Axes
  1096 | D:2      | Reached skill level 1 in Polearms
  1096 | D:2      | Reached skill level 1 in Staves
  1096 | D:2      | Reached skill level 1 in Slings
  1096 | D:2      | Reached skill level 1 in Bows
  1096 | D:2      | Reached skill level 1 in Crossbows
  1096 | D:2      | Reached skill level 1 in Throwing
  1096 | D:2      | Reached skill level 1 in Stealth
  1096 | D:2      | Reached skill level 1 in Shields
  1096 | D:2      | Reached skill level 1 in Unarmed Combat
  1096 | D:2      | Reached skill level 1 in Evocations
  1139 | D:2      | Reached XP level 4. HP: 33/38 MP: 11/11
  1664 | D:3      | Found a hazy altar of Hepliaklqana.
  1724 | D:3      | Found a sacrificial altar of Ru.
  1919 | D:3      | Reached skill level 1 in Conjurations
  1919 | D:3      | Reached skill level 1 in Hexes
  1919 | D:3      | Reached skill level 1 in Summonings
  1919 | D:3      | Reached skill level 1 in Necromancy
  1919 | D:3      | Reached skill level 1 in Translocations
  1919 | D:3      | Reached skill level 1 in Transmutations
  1919 | D:3      | Reached skill level 1 in Fire Magic
  1919 | D:3      | Reached skill level 1 in Ice Magic
  1919 | D:3      | Reached skill level 1 in Air Magic
  1919 | D:3      | Reached skill level 1 in Earth Magic
  1919 | D:3      | Reached skill level 1 in Poison Magic
  1923 | D:3      | Learned a level 2 spell: Shroud of Golubria
  1926 | D:3      | Learned a level 2 spell: Song of Slaying
  1959 | D:3      | Learned a level 3 spell: Regeneration
  1963 | D:3      | Learned a level 3 spell: Spectral Weapon
  2590 | D:3      | Reached XP level 5. HP: 43/43 MP: 6/12
  2966 | D:4      | Found Tusezeng's Magic Scroll Shoppe.
  2978 | D:4      | Gained mutation: You have a pair of small horns on your head. [potion of mutation]
  2978 | D:4      | Gained mutation: You evolve. [potion of mutation]
  2978 | D:4      | Gained mutation: You are frail. (-10% HP) [potion of mutation]
  2978 | D:4      | Gained mutation: You expend magic power (3 MP) to strengthen your wands. [potion of mutation]
  3139 | D:4      | Reached XP level 6. HP: 45/45 MP: 5/13
  3289 | D:4      | Reached skill level 5 in Fighting
  3289 | D:4      | Reached skill level 5 in Maces & Flails
  3289 | D:4      | Reached skill level 5 in Dodging
  3528 | D:5      | Entered Level 5 of the Dungeon
  3780 | D:5      | Found a staircase to the Ecumenical Temple.
  3806 | Temple   | Entered the Ecumenical Temple
  3970 | Temple   | Became a worshipper of Vehumet
  4195 | D:5      | Found a glowing silver altar of Zin.
  4197 | D:5      | Found a shattered altar of Ashenzari.
  4199 | D:5      | Found a burning altar of Makhleb.
  4199 | D:5      | Noticed a sky beast
  4208 | D:5      | Killed a sky beast
  4397 | D:5      | Found Jauv's Armour Shop.
  4641 | D:6      | Reached XP level 7. HP: 45/50 MP: 15/15
  4800 | D:6      | Reached XP level 8. HP: 23/55 MP: 7/16
  5031 | D:6      | Reached skill level 6 in Charms
  5100 | D:6      | Found a sparkling altar of Nemelex Xobeh.
  5217 | D:6      | Slain by an ice beast

Vault maps used:
D:1:      wheals_arrival_linesprint
D:2:      minmay_tetromino_s4
D:3:      overflow_temple_1_default, first_ration,
          nicolae_ru_sacrificial_ziggurat
D:4:      serial_shops, shop, hangedman_minor_gate_pass
D:5:      grunt_temple_overflow_diamond, minmay_temple_entry_glass,
          serial_shops, shop
D:6:      nemelex_xobeh_ov_fountains_minmay
Temple:   eino_temple_rhombus

Skill      XL: |  1  2  3  4  5  6  7  8 |
---------------+-------------------------+-----
Spellcasting   | 5 |  5.8
Invocations    | 1 2 3 |  3.1
Short Blades   | 1 2 |  2.8
Long Blades    | 1 2 |  2.8
Axes           | 1 2 |  2.8
Polearms       | 1 2 |  2.8
Staves         | 1 2 |  2.8
Slings         | 1 2 |  2.8
Bows           | 1 2 |  2.8
Crossbows      | 1 2 |  2.8
Throwing       | 1 2 |  2.8
Stealth        | 1 2 |  2.8
Shields        | 1 2 |  2.8
Unarmed Combat | 1 2 |  2.8
Evocations     | 1 2 |  2.8
Conjurations   | 1 2 |  2.3
Hexes          | 1 2 |  2.3
Summonings     | 1 2 |  2.3
Necromancy     | 1 2 |  2.3
Translocations | 1 2 |  2.3
Transmutations | 1 2 |  2.3
Fire Magic     | 1 2 |  2.3
Ice Magic      | 1 2 |  2.3
Air Magic      | 1 2 |  2.3
Earth Magic    | 1 2 |  2.3
Poison Magic   | 1 2 |  2.3
Armour         | 3 |  3.9
Fighting       | 5 |  5.4
Maces & Flails | 5 |  5.4
Dodging        | 5 |  5.4
Charms         | 6 |  6.0

Action                   |  1- 3 |  4- 6 |  7- 9 || total
-------------------------+-------+-------+-------++-------
Melee: Mace              |    79 |   157 |    51 ||   287
       Bite              |     6 |    13 |     5 ||    24
       Headbutt          |       |    15 |    10 ||    25
       Punch             |       |     1 |     1 ||     2
 Cast: Infusion          |     6 |    13 |     4 ||    23
       Shroud of Golubri |       |    12 |     6 ||    18
       Spectral Weapon   |       |     2 |       ||     2
       Regeneration      |       |     1 |       ||     1
  Use: Scroll            |       |     9 |     1 ||    10
       Potion            |       |     1 |       ||     1
 Stab: Sleeping          |     5 |     2 |     1 ||     8
  Eat: Chunk             |     1 |     7 |     2 ||    10
       Ration            |       |     1 |       ||     1
Armor: Leather armour    |    21 |    24 |       ||    45
       Robe              |       |    13 |     5 ||    18
Dodge: Dodged            |    63 |   134 |    34 ||   231

Table legend:
 A = Spawn XP
 B = Non-spawn XP
 C = Spawn XP percentage of total XP
 D = Spawn monster count
 E = Non-spawn monster count
 F = Spawn count percentage of total count
 G = Total turns spent on level
                    A         B        C        D         E        F      G
               +---------+---------+-------+---------+---------+-------+---------
         Total |       0 |    1254 |   0.0 |       0 |      95 |   0.0 |  5217
               +---------+---------+-------+---------+---------+-------+---------
           D:1 |       0 |      43 |   0.0 |       0 |      18 |   0.0 |   917
           D:2 |       0 |      55 |   0.0 |       0 |      21 |   0.0 |   610
           D:3 |       0 |      82 |   0.0 |       0 |      24 |   0.0 |  1202
           D:4 |       0 |     300 |   0.0 |       0 |      20 |   0.0 |   799
           D:5 |       0 |     136 |   0.0 |       0 |       3 |   0.0 |   928
           D:6 |       0 |     638 |   0.0 |       0 |       9 |   0.0 |   585
               +---------+---------+-------+---------+---------+-------+---------
